 Dungeon Crawl Stone Soup version 0.26.1-11-gd32895ea62 (webtiles) character file.

Game seed: 9027458106562750467

81 Zeld the Chopper (level 4, 0/58 HPs)
             Began as a Minotaur Berserker on May 24, 2021.
             Was a Follower of Trog.
             Slain by a wraith (6 damage)
             ... on level 5 of the Dungeon.
             The game lasted 00:00:50 (1104 turns).

Zeld the Chopper (Minotaur Berserker)               Turns: 1104, Time: 00:00:51

Health: 0/58       AC:  0    Str: 22    XL:     4   Next: 19%
Magic:  3/3        EV: 12    Int:  4    God:    Trog [*.....]
Gold:   23         SH:  0    Dex: 10    Spells: 3/3 levels left

rFire    . . .     SeeInvis .   a - +0 hand axe
rCold    . . .     Faith    .   (no shield)
rNeg     . . .     Spirit   .   (no armour)
rPois    .         Reflect  .   (helmet restricted)
rElec    .         Harm     .   (no cloak)
rCorr    .         Rampage  .   (no gloves)
Will     .....                  (no boots)
Stlth    ..........             (no amulet)
HPRegen  0.19/turn              (no ring)
MPRegen  0.08/turn              (no ring)

@: berserking, slowed
A: retaliatory headbutt, horns 2
a: Renounce Religion, Berserk


You were on level 5 of the Dungeon.
You worshipped Trog.
Trog was aware of your devotion.
You visited 1 branch of the dungeon, and saw 5 of its levels.

You collected 23 gold pieces.

Inventory:

Hand Weapons
 a - a +0 hand axe (weapon)
Potions
 b - a potion of magic {unknown}
 c - a potion of curing {unknown}


   Skills:
 - Level 3.6 Fighting
 * Level 6.1 Axes
 - Level 2.4 Armour
 - Level 2.1 Dodging


You had 3 spell levels left.
You didn't know any spells.
Your spell library was empty.

Dungeon Overview and Level Annotations

Branches:
Dungeon (5/15)
 Temple: D:4-7

Altars:


Innate Abilities, Weirdness & Mutations

You reflexively headbutt those who attack you in melee.
You have a pair of horns on your head.


Message History

The wraith hits you!
You slash the adder zombie!
You destroy the adder zombie!
Trog accepts your kill.
You hit the wraith but do no damage. The wraith hits you!
* * * LOW HITPOINT WARNING * * *
A red film seems to cover your vision as you go berserk!
You feel yourself moving faster!
You feel mighty! The wraith hits you.
* * * LOW HITPOINT WARNING * * *
The wraith drains your vigour!
You feel yourself slow down.
You slash the wraith!
The wraith is heavily damaged.
The wraith hits you!
* * * LOW HITPOINT WARNING * * *
The wraith drains your vigour!
You feel as though you will be slow longer.
You hit the wraith but do no damage.
The wraith is heavily damaged.
The wraith hits you.
You die...

..... #...#
#...# .... #..#
..# #.#####.#
#.##.###<......#
.......@.#####.#
#.##.###W# ....
##.### ..# ###


You could see a wraith.

Vanquished Creatures
  Jessica (D:2)
  4 gnolls (D:3)
  An adder (D:2)
  An adder zombie (D:5)
  A giant cockroach (D:2)
  A kobold (D:2)
9 creatures vanquished.

Notes
Turn   | Place    | Note
-------+----------+-------------------------------------------
     0 | D:1      | Zeld the Minotaur Berserker began the quest for the Orb.
     0 | D:1      | Reached XP level 1. HP: 19/19 MP: 0/0
   132 | D:2      | Reached skill level 4 in Axes
   132 | D:2      | Reached XP level 2. HP: 16/26 MP: 1/1
   490 | D:2      | Noticed Jessica
   498 | D:2      | Killed Jessica
   499 | D:2      | Reached skill level 5 in Axes
   499 | D:2      | Reached XP level 3. HP: 15/31 MP: 2/2
   738 | D:3      | Reached skill level 6 in Axes
   738 | D:3      | Reached XP level 4. HP: 29/39 MP: 3/3
  1095 | D:5      | Entered Level 5 of the Dungeon
  1097 | D:5      | Noticed a wraith
  1104 | D:5      | Slain by a wraith

Illustrated notes

Levels and vault maps discovered:
D:1:      minmay_arrival_diagonal_passages, layout_rooms, serial_forest,
          infiniplex_forest_lined_3, infiniplex_forest_clump_curved,
          infiniplex_forest_zigzag_2, infiniplex_forest_end_1,
          infiniplex_forest_clump_small, infiniplex_forest_clump_medium,
          infiniplex_forest_zigzag_1, infiniplex_forest_lined_corner
D:2:      layout_basic, uniq_jessica
D:3:      layout_basic
D:4:      layout_gridville, pdpol_wu_jian_five_deadly_venoms,
          evilmike_ruin_ashenzari
D:5:      layout_basic, lemuel_round_altar, minmay_fountain_box,
          serial_bayou_ford_a, nicolae_ru_awakened_eye

Skill      XL: |  1  2  3 |
---------------+----------+-----
Axes           | 4 5 6 |  6.1
Fighting       | |  3.6
Armour         | |  2.4
Dodging        | |  2.1

Action                   |  1- 3 |  4- 6 || total
-------------------------+-------+-------++-------
Melee: Hand axe          |    23 |     6 ||    29
       Headbutt          |     5 |     1 ||     6
Invok: Berserk           |     2 |     1 ||     3
Dodge: Dodged            |    12 |     3 ||    15
